 Dungeon Crawl Stone Soup version 0.31-a0-431-g88bdf31460 (webtiles) character file.

Game seed: 535749652393073899

449 Maxmaps the Trooper (level 7, 0/50 HPs)
             Began as an Octopode Shapeshifter on Aug 1, 2023.
             Splashed by a jelly's acid (8 damage)
             ... on level 4 of the Dungeon.
             The game lasted 00:04:00 (2722 turns).

Maxmaps the Trooper (Octopode Shapeshifter)         Turns: 2722, Time: 00:04:01

Health: 0/50       AC: -3    Str: 14    XL:     7   Next: 4%
Magic:  0/7        EV: 14    Int: 12    God:
Gold:   213        SH:  0    Dex: 13    Spells: 6/6 levels left

rFire   + . .        n - +2 short sword (venom)
rCold   . . .        (no shield)
rNeg    . . .        (helmet currently unavailable)
rPois   .            c - amulet of guardian spirit
rElec   .            m - ring of protection from fire
rCorr   .            (no ring)
SInv    .            (no ring)
Will    .....        (no ring)
Stlth   ++           (no ring)
HPRegen 0.28/turn    (no ring)
MPRegen 0.10/turn    (no ring)
                     (no ring)

%: guardian spirit
@: beast-form, corroded
A: beast (slay +2), almost no armour, amphibious, 8 rings, camouflage 1,
gelatinous body 1, (nimble swimmer 1), tentacles
a: Begin Untransformation


You were on level 4 of the Dungeon.
You were a hulking beast.
You visited 1 branch of the dungeon, and saw 4 of its levels.

You collected 241 gold pieces.
You spent 28 gold pieces at shops.

Inventory:

Hand Weapons
 n - a +2 short sword of venom (weapon)
Missiles
 x - 4 throwing nets
Jewellery
 c - an amulet of guardian spirit (around mantle)
 m - a ring of protection from fire (left tentacle)
Talismans
 b - a beast talisman (active)
Wands
 q - a wand of polymorph (7)
 s - a wand of quicksilver (10)
 y - a wand of flame (12)
Scrolls
 d - a scroll of teleportation
 g - a scroll of fear {unknown}
 h - 5 scrolls of enchant weapon {unknown}
 i - a scroll of amnesia {unknown}
 r - a scroll of fog {unknown}
 t - 2 scrolls of identify
 w - a scroll of poison {unknown}
Potions
 a - a potion of lignification
 e - a potion of resistance
 f - 2 potions of heal wounds
 j - 4 potions of curing {unknown}
 k - 2 potions of degeneration {unknown}
 l - a potion of enlightenment {unknown}
 o - a potion of berserk rage {unknown}
 p - a potion of brilliance {unknown}
 u - a potion of attraction {unknown}
 v - a potion of mutation {unknown}


   Skills:
 - Level 5.2 Fighting
 - Level 3.1 Short Blades
 + Level 3.6 Dodging
 - Level 3.0 Unarmed Combat
 - Level 3.0 Shapeshifting


You had 6 spell levels left.
You didn't know any spells.
Your spell library contained the following spells:

 Spells                   Type           Power      Damage    Failure   Level
 Ensorcelled Hibernation  Hex/Ice        0%         N/A       45%         2
 Stone Arrow              Conj/Erth      0%         3d7       69%         3
 Volatile Blastmotes      Fire/Tloc      0%         2d10      69%         3
 Starburst                Conj/Fire      0%         6d3       100%        6
 Lehudib's Crystal Spear  Conj/Erth      0%         10d2      100%        8
 Animate Armour           Summ/Erth      Unusable   N/A       N/A         4

Dungeon Overview and Level Annotations

Branches:
Dungeon (4/15)
 Temple: D:4-7

Altars:
Kikubaaqudgha

Shops:
D:1 ?:   D:2 (*?


Innate Abilities, Weirdness & Mutations

You are a hulking beast.
Your limbs bulge with bestial killing power. (Slay +2)
You cannot wear most types of armour.
You are amphibious.
You can wear up to eight rings at the same time.
Your skin changes colour to match your surroundings (Stealth+).
Your rubbery body absorbs attacks. (AC +1, EV +1)
((You are camouflaged when in or above water. (Stealth+)))
You have tentacles for arms and can constrict up to eight enemies at once.


Message History

You kill the endoplasm!
An endoplasm is nearby!
An endoplasm is nearby!
The helpless endoplasm fails to defend itself.
You puncture the endoplasm!
You kill the endoplasm!
No target in view!
No target in view!
No target in view!
No target in view!
No target in view!
No target in view!
No target in view!
No target in view!
A jelly comes into view.
Found a stone staircase leading up.
A jelly is nearby!
A jelly is nearby!
You puncture the jelly! The acid corrodes you!
Your tentacles burn!
The jelly is moderately wounded.
The jelly hits you.
You are splashed with acid!
A jelly is nearby!
You hit the jelly.
The jelly is poisoned.
Your tentacles burn!
You tentacle-slap the jelly, but do no damage.
Your squeeze misses the jelly.
The jelly is heavily wounded.
The jelly hits you.
You are splashed with acid.
You hit the jelly.
Your tentacles burn!
The jelly is severely wounded.
The jelly hits you.
You are splashed with acid!
* * * LOW HITPOINT WARNING * * *
You are too injured to fight recklessly!
You hit the jelly.
Your tentacles burn!
* * * LOW HITPOINT WARNING * * *
You squeeze the jelly.
The jelly is almost dead.
The jelly hits you.
* * * LOW HITPOINT WARNING * * *
You are splashed with acid!
You die...

###.......# #.#
###......# #.
#.# .##)....###
#..#######.#
...........
.....).....#
.##.#######
#.......####
###.# #.#####.#
# #.# #. #.# #.#
##.#####.# #.#
#..h.....# #.#
#.J####### #.#
#.. #.# #.<
###.# #.. #...#
#.. #.### #..
#.############..
..............


You could see a jelly (very poisoned).

Vanquished Creatures
  A hound (D:4)
  An iguana (D:4)
  Ijyb (D:3)
  3 orc wizards
  Natasha (thrice) (D:2)
  Robin (D:4)
  4 gnolls (D:3)
  6 adders
  2 dart slugs
  17 orcs
  12 endoplasms
  2 giant cockroaches (D:3)
  16 goblins
  8 hobgoblins
  4 kobolds
  3 quokkas
  4 bats
  6 frilled lizards
  3 rats
97 creatures vanquished.

Vanquished Creatures (others)
  A human (D:3)
1 creature vanquished.

Grand Total: 98 creatures vanquished

Notes
Turn   | Place    | Note
-------+----------+-------------------------------------------
     0 | D:1      | Maxmaps the Octopode Shapeshifter began the quest for the
                  | Orb.
     0 | D:1      | Reached XP level 1. HP: 13/13 MP: 1/1
    95 | D:1      | Reached skill level 2 in Fighting
    95 | D:1      | Reached XP level 2. HP: 13/19 MP: 2/2
   177 | D:1      | Found a faded altar of an unknown god.
   397 | D:1      | Found Wefryi's Magic Scroll Boutique.
   402 | D:1      | Bought a scroll of identify for 28 gold pieces
   481 | D:1      | Found Faomupn's Vocational Training.
   503 | D:1      | Got the Tome of Burning and Refrigeration
   561 | D:2      | Noticed Natasha
   573 | D:2      | Killed Natasha
   574 | D:2      | Reached skill level 3 in Fighting
   574 | D:2      | Reached XP level 3. HP: 26/26 MP: 3/3
   688 | D:2      | Found Ephakhuop's General Store.
   767 | D:2      | Found Takhlir's Magic Scroll Boutique.
   957 | D:2      | Reached XP level 4. HP: 33/33 MP: 4/4
   970 | D:2      | Found Dephisoam's Weapon Emporium.
  1004 | D:2      | Reached skill level 4 in Fighting
  1184 | D:2      | Noticed Natasha
  1200 | D:2      | Killed Natasha
  1337 | D:2      | Noticed Natasha
  1345 | D:2      | Killed Natasha
  1346 | D:2      | Reached XP level 5. HP: 38/38 MP: 5/5
  1399 | D:3      | Noticed a human
  1399 | D:3      | Found an ancient bone altar of Kikubaaqudgha.
  1403 | D:3      | Killed a human
  1488 | D:3      | Reached skill level 5 in Fighting
  1579 | D:3      | Reached skill level 1 in Short Blades
  1609 | D:3      | Noticed Ijyb
  1622 | D:3      | Reached XP level 6. HP: 28/45 MP: 6/6
  1727 | D:3      | Killed Ijyb
  2390 | D:4      | Noticed Robin
  2414 | D:4      | Killed Robin
  2703 | D:4      | Reached XP level 7. HP: 50/50 MP: 7/7
  2722 | D:4      | Splashed by a jelly's acid

Illustrated notes

Levels and vault maps discovered:
D:1:      amcnicky_arrival_blooded_trapdoor, layout_basic, serial_shops,
          nicolae_shop_hallway_plus, chequers_ecumenical_altar_simple,
          nicolae_shop_vocational
D:2:      layout_basic, serial_shops, shop, nicolae_square_shop,
          nicolae_shop_statue_plus, uniq_natasha
D:3:      layout_rooms, tgw_kikubaaqudgha, uniq_ijyb
D:4:      layout_loops_ring, uniq_robin

Skill      XL: |  1  2  3  4  5  6 |
---------------+-------------------+-----
Fighting       | 2 3 4 5 |  5.2
Short Blades   | 1 3 |  3.1
Dodging        | 3 |  3.6
Unarmed Combat | |  3.0
Shapeshifting  | |  3.0

Action                     |  1- 3 |  4- 6 |  7- 9 || total
---------------------------+-------+-------+-------++-------
  Melee: Unarmed           |    44 |       |       ||    44
         Constrict         |     8 |    38 |       ||    46
         Tentacles         |     5 |    28 |     1 ||    34
         Punch             |     2 |     3 |     1 ||     6
         Short sword       |     2 |   136 |     6 ||   144
    Use: Scroll            |     3 |       |       ||     3
   Stab: Sleeping          |     4 |     9 |     1 ||    14
         Distracted        |       |     1 |       ||     1
 Armour: Skin              |     8 |    23 |       ||    31
  Dodge: Dodged            |    15 |    46 |       ||    61

Table legend: (Time is in decaauts)
 A = Elapsed time spent in this place.
 B = Non-inter-level travel time spent in this place.
 C = Inter-level travel time spent in this place.
 D = Time resting spent in this place.
 E = Time spent auto-exploring this place.
 F = Levels seen in this place.
 G = Mean time per level.
                   A        B        C        D        E       F      G
               +--------+--------+--------+--------+--------+-----+--------+
         Total |   2713 |   2667 |     46 |    405 |   1730 |   4 |  678.2 |
       Dungeon |   2713 |   2667 |     46 |    405 |   1730 |   4 |  678.2 |
               +--------+--------+--------+--------+--------+-----+--------+

Top non-repeatable levels by time:
     D:3: 890 daAuts
     D:2: 872 daAuts
     D:1: 532 daAuts
     D:4: 418 daAuts
